Map: Ulrena

Players

Wally

  • Race: Zerg Zerg

State - Winner!

  • Race: Protoss Protoss
  • League: Grandmaster

VOD

Have the link to the VOD?

Description

Time

  • Played on: Nov. 24, 2015, 11:44 p.m.
  • Length: 6:53
Show
View Real Time Build Order
Export as new Build Order

Wally Zerg 

Build Orders: Hatch First 

Get SALT Encoding   

  12  0:01  Drone  
  13  0:08  Drone  
  14  0:18  Overlord  
  14  0:27  Extractor  
  14  0:28  Drone, Extractor  
  14  0:30  Drone  
  16  0:38  Drone  
  17  0:46  Drone  
  18  0:57  Hatchery  
  18  1:01  Drone  
  18  1:07  Drone  
  19  1:17  Spawning Pool  
  18  1:21  Drone  
  19  1:27  Drone  
  20  1:43  Hatchery  
  20  1:46  Drone  
  20  1:50  Drone  
  21  2:09  Queen x2  
  21  2:11  Zergling x2  
  21  2:15  Extractor  
  25  2:18  Overlord  
  25  2:21  Drone  
  26  2:25  Drone  
  26  2:28  Drone  
  28  2:38  Drone  
  28  2:39  Drone  
  28  2:42  Drone x2  
  32  2:53  Overlord  
  32  2:55  Drone x2  
  34  3:03  Queen  
  34  3:04  Zergling x4  
  37  3:07  Zergling x2  
  38  3:15  Metabolic Boost  
  38  3:19  Zergling x2  
  40  3:20  Zergling x2  
  40  3:22  Drone  
  40  3:23  Spore Crawler  
  40  3:25  Drone x2  
  42  3:28  Zergling x4  
  42  3:31  Drone x2  
  42  3:33  Drone  
  42  3:34  Drone  
  49  3:36  Drone  
  47  3:48  Drone  
  47  3:49  Drone x2  
  47  3:55  Overlord x2  
  48  4:02  Zergling x6  
  48  4:03  Zergling x2  
  48  4:07  Baneling Nest  
  47  4:11  Zergling x2  
  47  4:12  Zergling x6  
  49  4:20  Drone x3  
  49  4:21  Drone  
  49  4:23  Zergling x2  
  49  4:24  Zergling x2  
  53  4:27  Drone  
  53  4:28  Drone x2  
  55  4:35  Overlord  
  55  4:40  Drone x5  
  60  4:47  Drone x3  
  60  4:49  Drone  
  64  4:53  Extractor  
  64  4:55  Lair, Extractor  
  64  4:58  Pneumatized Carapace  
  61  5:03  Drone x3  
  61  5:04  Drone  
  65  5:07  Drone x2  
  65  5:11  Drone x2  
  69  5:21  Evolution Chamber, Drone  
  69  5:22  Evolution Chamber, Drone x4  
  71  5:29  Overlord  
  71  5:34  Zergling x4  
  73  5:38  Baneling x7  
  73  5:43  Overlord x3  
  73  5:46  Extractor  
  73  5:47  Extractor  
  70  5:57  Zergling x2  
  70  5:58  Zergling x16  
  73  6:09  Zergling x8  
  73  6:10  Zergling x8  
  81  6:15  Zergling x4  
  81  6:16  Zergling x4  
  83  6:22  Zergling x4  
  83  6:24  Baneling x2  
  83  6:25  Zergling x2, Baneling x3  
  80  6:33  Zergling x4  
  80  6:35  Overseer  
Show
View Real Time Build Order
Export as new Build Order

State Protoss - Winner!

Build Orders: Nexus First 

Get SALT Encoding   

  12  0:01  Probe (Chrono Boost)  
  13  0:11  Probe (Chrono Boost)  
  14  0:18  Pylon  
  14  0:22  Probe (Chrono Boost)  
  15  0:36  Probe (Chrono Boost)  
  16  0:47  Probe (Chrono Boost)  
  17  1:02  Nexus  
  17  1:10  Gateway  
  17  1:13  Probe (Chrono Boost)  
  18  1:18  Assimilator  
  18  1:23  Probe (Chrono Boost)  
  19  1:28  Assimilator  
  19  1:34  Probe (Chrono Boost)  
  20  1:41  Gateway  
  20  1:46  Probe (Chrono Boost)  
  21  1:56  Probe (Chrono Boost)  
  21  1:57  Cybernetics Core  
  22  2:07  Probe (Chrono Boost)  
  23  2:15  Probe (Chrono Boost)  
  24  2:17  Probe (Chrono Boost)  
  25  2:25  Probe (Chrono Boost)  
  25  2:28  Probe (Chrono Boost)  
  27  2:35  Pylon  
  27  2:36  Probe (Chrono Boost), Adept x2 (Chrono Boost)  
  32  2:37  Warp Gate  
  32  2:40  Probe  
  33  2:48  Probe  
  33  2:52  Probe (Chrono Boost)  
  34  3:00  Probe (Chrono Boost)  
  34  3:05  Probe (Chrono Boost)  
  36  3:06  Adept x2 (Chrono Boost)  
  40  3:13  Robotics Facility  
  40  3:16  Probe x2  
  42  3:27  Forge  
  42  3:29  Twilight Council  
  42  3:34  Probe x2 (Chrono Boost)  
  44  3:50  Probe x2 (Chrono Boost)  
  46  3:58  Pylon x2  
  44  4:06  Immortal (Chrono Boost), Protoss Ground Weapons Level 1 (Chrono Boost), Resonating Glaives  
  46  4:18  Pylon x2  
  44  4:24  Mothership Core  
  44  4:37  Gateway  
  44  4:40  Gateway  
  44  4:41  Gateway  
  44  4:47  Immortal (Chrono Boost), Pylon  
  48  5:00  Probe x2, Assimilator  
  50  5:08  Gateway  
  50  5:10  Gateway  
  50  5:14  Gateway  
  50  5:15  Gateway  
  50  5:20  Warp Prism  
  52  5:39  Adept  
  52  5:40  Adept x4  
  62  5:45  Pylon x2  
  52  6:04  Pylon x2  
  52  6:07  Adept x2  
  52  6:08  Adept  
  60  6:17  Adept  
  60  6:21  Adept x2  
  64  6:27  Adept x5  
  64  6:30  Adept  
  76  6:39  Adept  
  78  6:44  Adept x2  
  78  6:45  Adept  
  78  6:47  Adept x2  
  78  6:49  Sentry x2  
Tags
 
Matchup
PvZ
Player
State
Replay Pack
Rep Pack
Add a new tag
Caveats
  • Supply blocks, unpowered buildings, or Contaminate may cause inaccurate times.
  • Supply counts are checked every 10 seconds.